 Dungeon Crawl Stone Soup version 0.28.0-47-ge53b351184 (webtiles) character file.

Game seed: 17282026064185062513

4 101zpm the Magician (level 1, -1/16 HPs)
             Began as a Troll Hedge Wizard on Apr 28, 2022.
             Slain by an adder (4 damage)
             ... on level 2 of the Dungeon.
             The game lasted 00:00:24 (87 turns).

101zpm the Magician (Troll Hedge Wizard)              Turns: 87, Time: 00:00:25

Health: -1/16      AC:  4    Str: 17    XL:     1   Next: 50%
Magic:  2/2        EV:  9    Int: 10    God:
Gold:   15         SH:  0    Dex:  9    Spells: 3/4 levels left

rFire   . . .      SeeInvis .   a - +0 dagger
rCold   . . .      Faith    .   (no shield)
rNeg    . . .      Spirit   .   b - +0 robe
rPois   .          Reflect  .   c - +0 hat
rElec   .          Harm     .   (no cloak)
rCorr   .          Rampage  .   (gloves unavailable)
Will    .....                   (boots unavailable)
Stlth   +.........              (no amulet)
HPRegen 0.85/turn               (no ring)
MPRegen 0.08/turn               (no ring)

@: lethally poisoned (-1 -> -4)
A: large, unfitting armour, claws 3, regeneration 1, shaggy fur 1, tough skin 1
a: no special abilities


You were on level 2 of the Dungeon.
You visited 1 branch of the dungeon, and saw 2 of its levels.

You collected 15 gold pieces.

Inventory:

Hand Weapons
 a - a +0 dagger (weapon)
Armour
 b - a +0 robe (worn)
 c - a +0 hat (worn)
Scrolls
 d - a scroll of identify {unknown}


   Skills:
 + Level 1.5 Dodging
 + Level 1.1 Stealth
 + Level 2.1 Spellcasting
 + Level 0.6 Conjurations
 + Level 0.6 Summonings
 + Level 0.6 Translocations


You had 3 spell levels left.
You knew the following spells:

 Your Spells              Type           Power      Damage    Failure   Level
a - Magic Dart            Conj           8%         1d3       24%         1

Your spell library contained the following spells:

 Spells                   Type           Power      Damage    Failure   Level
 Slow                     Hex            4%         N/A       30%         1
 Blink                    Tloc           4%         N/A       36%         2
 Call Imp                 Summ           2%         N/A       36%         2
 Conjure Flame            Conj/Fire      1%         6-21      63%         3
 Mephitic Cloud           Conj/Pois/Air  1%         N/A       65%         3


Dungeon Overview and Level Annotations

Branches:
Dungeon (2/15)

Altars:

Shops:
D:1 *


Innate Abilities, Weirdness & Mutations

You are too large for most types of armour.
You have claws for hands.
Your natural rate of healing is unusually fast.
You are covered in fur. (AC +1)
You have tough skin. (AC +1)


Message History

You miss the adder. The adder bites you.
You are poisoned.
The adder poisons you!
You closely miss the adder.
You feel sick. The adder barely misses you. The adder closely misses you.
You closely miss the adder.
You feel sick. The adder barely misses you.
You barely miss the adder.
You feel sick. The adder bites you.
You are more poisoned.
The adder poisons you!
You hit the adder but do no damage.
You feel very sick. The adder barely misses you.
You miss the adder.
You feel sick. The adder misses you. The adder bites you but does no damage.
You are too injured to fight recklessly!
You are too injured to fight recklessly!
You are too injured to fight recklessly!
You are too injured to fight recklessly!
You are too injured to fight recklessly!
You are too injured to fight recklessly!
You are too injured to fight recklessly!
You are too injured to fight recklessly!
You are too injured to fight recklessly!
You are too injured to fight recklessly!
You are too injured to fight recklessly!
You are too injured to fight recklessly!
You are too injured to fight recklessly!
You are too injured to fight recklessly!
You are too injured to fight recklessly!
You hit the adder.
The adder is lightly wounded.
You feel sick. The adder bites you.
* * * LOW HITPOINT WARNING * * *
You are lethally poisoned!
The adder poisons you!
You completely miss the adder.
The adder is lightly wounded.
* * * LOW HITPOINT WARNING * * *
You feel sick. The adder bites you.
You die...

##.....##.......
#...#...#.......
#.<...<.#.......
#..._...#.......
...#.#...#.#.......
.......<.......#
....#.....#....#
....#######...##
......S@..###
..........#
..........#
..........#
..........+
..........#
..........#
.........##


You could see an adder.

Vanquished Creatures
  2 goblins (D:1)
  2 kobolds (D:1)
  A rat (D:1)
5 creatures vanquished.

Notes
Turn   | Place    | Note
-------+----------+-------------------------------------------
     0 | D:1      | 101zpm the Troll Hedge Wizard began the quest for the Orb.
     0 | D:1      | Reached XP level 1. HP: 16/16 MP: 2/2
    48 | D:1      | Found Muuri's General Store.
    71 | D:2      | Found a faded altar of an unknown god.
    87 | D:2      | Slain by an adder

Illustrated notes

Levels and vault maps discovered:
D:1:      giann_bridges, layout_basic, serial_shops, nicolae_shop_waterfront,
          minmay_heptomino_h4
D:2:      layout_basic, nicolae_ecumenical_pavilion

Action                   || total
-------------------------++-------
Melee: Dagger            ||    27
       Punch             ||     1
Armor: Robe              ||     8
Dodge: Dodged            ||    15
